[ AOE2 MATCH · #506047478 ]
UnrankedKhmer vs Tupi
Player's team · WIN
Rival team · LOSS
[ REPLAY ANALYSIS · EXTRACTED FROM THE RECORDED GAME ]
Feudal
15:22
Castle
25:27
Imperial
44:48
| APM avg | 38.7 |
| APM peak | 80 |
| eAPM avg | 21.2 |
| Villagers / military | 187 / 54 |
Focus
⚔️ 24.7% · 🌾 75.3%
Skirmisher ×31 · Mangonel ×5 · Cavalry Archer ×5 · Hand Cannoneer ×5 · Scorpion ×4 · Knight ×2
Feudal
15:04
Castle
22:29
Imperial
41:04
| APM avg | 50.3 |
| APM peak | 119 |
| eAPM avg | 22.8 |
| Villagers / military | 73 / 11 |
Focus
⚔️ 23.6% · 🌾 76.4%
Unknown (2579) ×27 · Mangonel ×6 · Unknown (2550) ×6 · Trebuchet (Packed) ×3 · Unknown (2582) ×2 · Scorpion ×1
Match map
Initial resources + every placement click. Lines = walls · curves = elevation contours. ◆ gold · ⬟ stone · ● berries · ✦ relic · ◌ wall gap
Your base· Open — 9t gap
TE MS MOE's base· Open — unwalled flank
Smoothed initial terrain · ◌ = detected wall gap · hover for details
Inputs per minute
— [CL] el castigador - - TE MS MOE
Build order — [CL] el castigador
First 150 of 439 actions detected
| 0:00 | Create | Villager (Male) |
| 0:01 | Create | Villager (Male) |
| 0:01 | Create | Villager (Male) |
| 0:02 | Build | House |
| 0:02 | Build | House |
| 0:11 | Create | Villager (Male) |
| 1:30 | Create | Villager (Male) |
| 1:30 | Create | Villager (Male) |
| 1:59 | Create | Villager (Male) |
| 1:59 | Create | Villager (Male) |
| 2:03 | Create | Villager (Male) |
| 2:03 | Create | Villager (Male) |
| 2:12 | Build | Lumber Camp |
| 2:39 | Create | Villager (Male) |
| 2:39 | Create | Villager (Male) |
| 2:55 | Create | Villager (Male) |
| 2:55 | Create | Villager (Male) |
| 3:09 | Build | House |
| 3:14 | Create | Villager (Male) |
| 3:46 | Create | Villager (Male) |
| 3:46 | Create | Villager (Male) |
| 4:06 | Build | Mill |
| 4:13 | Create | Villager (Male) |
| 4:14 | Create | Villager (Male) |
| 4:41 | Create | Villager (Male) |
| 4:41 | Create | Villager (Male) |
| 4:50 | Build | Palisade Wall |
| 4:51 | Build | Palisade Wall |
| 4:52 | Build | Palisade Wall |
| 4:59 | Create | Villager (Male) |
| 5:00 | Create | Villager (Male) |
| 5:07 | Create | Villager (Male) |
| 5:55 | Build | Mill |
| 6:03 | Research | Loom |
| 6:24 | Build | Palisade Wall |
| 6:41 | Create | Villager (Male) |
| 6:41 | Create | Villager (Male) |
| 6:42 | Create | Villager (Male) |
| 6:56 | Create | Villager (Male) |
| 7:09 | Build | House |
| 7:13 | Build | House |
| 7:47 | Create | Villager (Male) |
| 8:03 | Create | Villager (Male) |
| 8:22 | Create | Villager (Male) |
| 8:43 | Build | House |
| 9:11 | Create | Villager (Male) |
| 9:31 | Create | Villager (Male) |
| 10:35 | Build | Town Center |
| 11:32 | Create | Villager (Male) |
| 11:32 | Create | Villager (Male) |
| 11:35 | Create | Villager (Male) |
| 11:35 | Create | Villager (Male) |
| 11:35 | Create | Villager (Male) |
| 11:39 | Create | Villager (Male) |
| 11:52 | Create | Villager (Male) |
| 12:31 | Create | Villager (Male) |
| 12:31 | Create | Villager (Male) |
| 12:37 | Create | Villager (Male) |
| 12:50 | Research | Feudal Age |
| 13:02 | Build | House |
| 13:03 | Build | House |
| 13:24 | Build | Mill |
| 13:28 | Build | House |
| 13:38 | Build | House |
| 15:22 | Age | Feudal Age |
| 15:28 | Build | Barracks |
| 15:32 | Create | Villager (Male) |
| 15:34 | Research | Town Watch |
| 15:42 | Research | Wheelbarrow |
| 15:44 | Create | Villager (Male) |
| 15:46 | Build | Farm |
| 15:55 | Build | Palisade Gate |
| 15:58 | Build | Archery Range |
| 16:04 | Build | Palisade Gate |
| 16:07 | Build | Palisade Wall |
| 16:19 | Build | Farm |
| 16:19 | Build | Farm |
| 16:43 | Create | Villager (Male) |
| 16:50 | Build | Watch Tower |
| 16:54 | Build | Outpost |
| 16:56 | Create | Villager (Male) |
| 17:15 | Build | Watch Tower |
| 17:20 | Research | Town Watch |
| 17:23 | Create | Villager (Male) |
| 17:25 | Build | Farm |
| 17:27 | Build | Farm |
| 17:29 | Build | Farm |
| 17:31 | Build | Farm |
| 17:43 | Build | Watch Tower |
| 17:47 | Create | Villager (Male) |
| 17:47 | Create | Villager (Male) |
| 17:54 | Build | Stone Wall |
| 18:01 | Build | House |
| 18:01 | Create | Villager (Male) |
| 18:13 | Create | Villager (Male) |
| 18:25 | Build | Watch Tower |
| 18:26 | Create | Villager (Male) |
| 18:30 | Build | Farm |
| 18:33 | Build | Farm |
| 18:42 | Build | Mining Camp |
| 18:46 | Build | Mining Camp |
| 18:49 | Create | Villager (Male) |
| 18:54 | Build | Market |
| 19:00 | Research | Double-Bit Axe |
| 19:23 | Create | Villager (Male) |
| 19:27 | Create | Villager (Male) |
| 19:34 | Build | Outpost |
| 19:39 | Create | Villager (Male) |
| 19:43 | Build | Outpost |
| 19:55 | Build | Watch Tower |
| 20:09 | Create | Villager (Male) |
| 20:18 | Build | Outpost |
| 20:20 | Create | Villager (Male) |
| 20:29 | Build | Blacksmith |
| 20:32 | Create | Villager (Male) |
| 20:50 | Create | Villager (Male) |
| 20:55 | Build | Outpost |
| 21:01 | Build | House |
| 21:11 | Build | Farm |
| 21:21 | Build | Watch Tower |
| 21:35 | Create | Villager (Male) |
| 21:46 | Build | Stone Wall |
| 21:48 | Build | Stone Wall |
| 21:50 | Build | Stone Wall |
| 21:55 | Build | Stone Wall |
| 22:01 | Create | Villager (Male) |
| 22:46 | Research | Castle Age |
| 22:46 | Research | Castle Age |
| 23:19 | Build | Stable |
| 23:30 | Research | Gold Mining |
| 24:20 | Create | Villager (Male) |
| 24:25 | Build | Watch Tower |
| 24:31 | Build | Outpost |
| 24:32 | Create | Villager (Male) |
| 24:48 | Create | Villager (Male) |
| 24:59 | Create | Villager (Male) |
| 25:01 | Build | House |
| 25:02 | Build | House |
| 25:09 | Build | Lumber Camp |
| 25:27 | Age | Castle Age |
| 25:32 | Build | Siege Workshop |
| 25:35 | Create | Villager (Male) |
| 25:41 | Create | Knight |
| 25:43 | Create | Knight |
| 26:08 | Create | Mangonel |
| 26:10 | Create | Villager (Male) |
| 26:24 | Build | Town Center |
| 26:39 | Build | Outpost |
| 26:41 | Create | Villager (Male) |
| 26:45 | Build | Outpost |
Build order — TE MS MOE
First 150 of 211 actions detected
| 0:00 | Create | Villager (Male) |
| 0:02 | Build | House |
| 0:02 | Build | House |
| 0:15 | Create | Villager (Male) |
| 0:22 | Create | Villager (Male) |
| 0:22 | Create | Villager (Male) |
| 0:22 | Create | Villager (Male) |
| 1:01 | Create | Villager (Male) |
| 1:49 | Create | Villager (Male) |
| 1:49 | Create | Villager (Male) |
| 2:09 | Create | Villager (Male) |
| 2:09 | Create | Villager (Male) |
| 2:12 | Build | Settlement |
| 2:46 | Create | Villager (Male) |
| 3:02 | Create | Villager (Male) |
| 3:22 | Create | Villager (Male) |
| 3:22 | Create | Villager (Male) |
| 3:47 | Create | Villager (Male) |
| 3:52 | Create | Villager (Male) |
| 3:55 | Research | Loom |
| 5:03 | Create | Villager (Male) |
| 5:04 | Create | Villager (Male) |
| 5:04 | Create | Villager (Male) |
| 5:23 | Create | Villager (Male) |
| 5:23 | Create | Villager (Male) |
| 5:24 | Create | Villager (Male) |
| 5:24 | Create | Villager (Male) |
| 5:39 | Create | Villager (Male) |
| 6:22 | Build | Town Center |
| 7:06 | Create | Villager (Male) |
| 7:07 | Create | Villager (Male) |
| 7:07 | Create | Villager (Male) |
| 7:07 | Create | Villager (Male) |
| 7:07 | Create | Villager (Male) |
| 7:07 | Create | Villager (Male) |
| 7:42 | Build | Palisade Wall |
| 7:50 | Build | Palisade Wall |
| 8:02 | Build | House |
| 8:19 | Create | Villager (Male) |
| 8:20 | Create | Villager (Male) |
| 8:58 | Build | Palisade Wall |
| 9:13 | Build | Palisade Wall |
| 9:16 | Create | Villager (Male) |
| 9:16 | Create | Villager (Male) |
| 9:19 | Build | House |
| 9:26 | Create | Villager (Male) |
| 10:11 | Create | Villager (Male) |
| 10:12 | Create | Villager (Male) |
| 10:12 | Create | Villager (Male) |
| 10:51 | Create | Villager (Male) |
| 10:51 | Create | Villager (Male) |
| 10:52 | Create | Villager (Male) |
| 11:26 | Build | Settlement |
| 11:44 | Create | Villager (Male) |
| 12:54 | Research | Feudal Age |
| 12:54 | Research | Feudal Age |
| 13:45 | Build | Settlement |
| 15:04 | Age | Feudal Age |
| 15:05 | Research | Town Watch |
| 15:09 | Build | Settlement |
| 15:24 | Create | Villager (Male) |
| 15:31 | Research | Double-Bit Axe |
| 15:31 | Research | Double-Bit Axe |
| 15:54 | Build | Farm |
| 15:55 | Create | Villager (Male) |
| 16:15 | Create | Villager (Male) |
| 16:28 | Build | Barracks |
| 16:29 | Create | Villager (Male) |
| 16:38 | Build | Palisade Wall |
| 17:12 | Create | Villager (Male) |
| 17:28 | Build | Watch Tower |
| 17:44 | Build | Market |
| 18:30 | Build | Outpost |
| 18:37 | Create | Villager (Male) |
| 19:13 | Build | Blacksmith |
| 19:24 | Create | Villager (Male) |
| 19:44 | Research | Castle Age |
| 20:05 | Build | Settlement |
| 20:41 | Build | Farm |
| 20:44 | Build | Farm |
| 21:15 | Research | Gold Mining |
| 21:15 | Research | Gold Mining |
| 21:27 | Research | Scale Mail Armor |
| 21:30 | Create | Unit 2550 |
| 22:05 | Build | Watch Tower |
| 22:13 | Research | Fletching |
| 22:29 | Create | Villager (Male) |
| 22:29 | Age | Castle Age |
| 22:32 | Build | Siege Workshop |
| 22:35 | Build | Siege Workshop |
| 22:48 | Build | Farm |
| 23:12 | Create | Mangonel |
| 23:19 | Create | Mangonel |
| 23:38 | Build | Farm |
| 24:24 | Create | Mangonel |
| 24:59 | Create | Scorpion |
| 25:23 | Create | Villager (Male) |
| 26:10 | Build | Castle |
| 26:24 | Create | Villager (Male) |
| 26:40 | Create | Unit 2582 |
| 27:12 | Build | Town Center |
| 27:33 | Build | Farm |
| 27:39 | Create | Unit 2579 |
| 27:39 | Create | Unit 2579 |
| 27:39 | Create | Unit 2579 |
| 28:05 | Build | Farm |
| 28:11 | Create | Unit 2579 |
| 28:11 | Create | Unit 2579 |
| 28:12 | Create | Villager (Male) |
| 28:21 | Create | Villager (Male) |
| 28:30 | Build | House |
| 28:43 | Create | Villager (Male) |
| 28:48 | Create | Mangonel |
| 28:51 | Create | Unit 2579 |
| 29:00 | Create | Villager (Male) |
| 29:17 | Create | Villager (Male) |
| 29:27 | Create | Villager (Male) |
| 29:38 | Create | Unit 2579 |
| 29:47 | Build | Farm |
| 29:48 | Build | Farm |
| 30:06 | Create | Mangonel |
| 30:24 | Create | Unit 2579 |
| 30:50 | Create | Villager (Male) |
| 30:52 | Create | Villager (Male) |
| 31:24 | Create | Villager (Male) |
| 31:32 | Research | Bodkin Arrow |
| 31:33 | Research | Bodkin Arrow |
| 31:48 | Create | Villager (Male) |
| 32:01 | Create | Villager (Male) |
| 32:50 | Build | Castle |
| 33:06 | Create | Villager (Male) |
| 33:13 | Build | University |
| 33:44 | Create | Unit 2582 |
| 34:17 | Build | Settlement |
| 34:36 | Create | Villager (Male) |
| 34:39 | Build | Farm |
| 34:39 | Build | Farm |
| 34:39 | Build | Farm |
| 34:39 | Build | Farm |
| 34:40 | Build | Farm |
| 34:43 | Build | Farm |
| 35:00 | Build | Farm |
| 35:01 | Build | Farm |
| 35:06 | Create | Villager (Male) |
| 35:18 | Build | Farm |
| 35:39 | Build | Farm |
| 35:46 | Build | Settlement |
| 35:58 | Create | Villager (Male) |
| 36:06 | Create | Battering Ram |
| 36:56 | Create | Mangonel |
Match timeline
| 4:50 | [CL] el castigador · wall_segment Palisade Wall x1 |
| 4:51 | [CL] el castigador · wall_segment Palisade Wall x1 |
| 4:52 | [CL] el castigador · wall_segment Palisade Wall x1 |
| 6:24 | [CL] el castigador · wall_segment Palisade Wall x1 |
| 7:42 | TE MS MOE · wall_segment Palisade Wall x1 |
| 7:50 | TE MS MOE · wall_segment Palisade Wall x1 |
| 8:58 | TE MS MOE · wall_segment Palisade Wall x1 |
| 9:13 | TE MS MOE · wall_segment Palisade Wall x1 |
| 15:04 | TE MS MOE · age_up feudal |
| 15:22 | [CL] el castigador · age_up feudal |
| 15:28 | [CL] el castigador · first_building Barracks |
| 15:58 | [CL] el castigador · first_building Archery Range |
| 16:07 | [CL] el castigador · wall_segment Palisade Wall x1 |
| 16:28 | TE MS MOE · first_building Barracks |
| 16:38 | TE MS MOE · wall_segment Palisade Wall x1 |
| 17:54 | [CL] el castigador · wall_segment Stone Wall x1 |
| 19:03 | TE MS MOE · first_market_buy 100 food |
| 19:03 | TE MS MOE · first_market_sell 100 wood |
| 21:46 | [CL] el castigador · wall_segment Stone Wall x1 |
| 21:48 | [CL] el castigador · wall_segment Stone Wall x1 |
| 21:50 | [CL] el castigador · wall_segment Stone Wall x1 |
| 21:55 | [CL] el castigador · wall_segment Stone Wall x1 |
| 22:26 | [CL] el castigador · first_market_buy 100 food |
| 22:26 | [CL] el castigador · first_market_sell 100 wood |
| 22:29 | TE MS MOE · age_up castle |
| 22:32 | TE MS MOE · first_building Siege Workshop |
| 23:19 | [CL] el castigador · first_building Stable |
| 25:27 | [CL] el castigador · age_up castle |
| 25:32 | [CL] el castigador · first_building Siege Workshop |
| 26:10 | TE MS MOE · first_building Castle |
| 39:27 | [CL] el castigador · first_building Castle |
| 41:04 | TE MS MOE · age_up imperial |
| 44:48 | [CL] el castigador · age_up imperial |
| 46:57 | [CL] el castigador · wall_segment Palisade Wall x1 |
| 46:59 | [CL] el castigador · wall_segment Palisade Wall x1 |
| 47:01 | [CL] el castigador · wall_segment Palisade Wall x1 |
| 49:34 | TE MS MOE · resign |
[ AI ANALYSIS · 1 CREDIT ]
What really happened in this match?
Wolo.gg analyzes every decision: build order, eco, micro, common mistakes by bracket. Personalized analysis on WhatsApp or Discord in 30 seconds.
Civ guide
Khmer
Perfil
Jugador #4576272